 Dungeon Crawl Stone Soup version 0.14-a0-1036-g6cac21b (webtiles) character file.

7281 PolkaDot the Conjurer (level 10, -12/63 HPs)
             Began as a Vampire Conjurer on Nov 24, 2013.
             Was a Priest of Vehumet.
             Killed from afar by Josephine (20 damage)
             ... with a wand of fire
             ... on Level 11 of the Dungeon.
             The game lasted 01:25:15 (17113 turns).

PolkaDot the Conjurer (Vampire Conjurer)           Turns: 17113, Time: 01:25:15

HP -12/63        AC  7     Str 11      XL: 10   Next: 79%
MP   8/20        EV 12     Int 20      God: Vehumet [***...]
Gold 365         SH  0     Dex 14      Spells:  5 memorised,  7 levels left

Res.Fire  : . . .   See Invis. : +   D - +4 rod of frigid destruction (13/13)
Res.Cold  : + . .   Warding    : .   k - +0 robe
Life Prot.: + + .   Conserve   : .   (no shield)
Res.Poison: +       Res.Corr.  : .   (no helmet)
Res.Elec. : +       Clarity    : .   m - +1 cloak
Sust.Abil.: . .     Spirit.Shd : .   (no gloves)
Res.Mut.  : .       Stasis     : .   a - +2 pair of boots of Hedging {rElec rPois Str+4}
Res.Rott. : +       Flight     : .   (no amulet)
Saprovore : . . .                    f - ring of sustenance
                                     u - ring of poison resistance

@: regenerating slowly, somewhat resistant to hostile enchantments, stealthy
A: bottle blood, fangs 3, see invisible, (spit poison 0), unbreathing
a: Bat Form, Bottle Blood, Renounce Religion


You were on level 11 of the Dungeon.
You worshipped Vehumet.
Vehumet was most pleased with you.
You were thirsty.

You visited 3 branches of the dungeon, and saw 13 of its levels.
You also visited: Labyrinth and Sewer.

You collected 527 gold pieces.
You spent 162 gold pieces at shops.

Inventory:

Hand weapons
 b - a +2,+2 spear of dragon slaying
 e - a +0,+0 club
 w - the +11,+5 long sword of Devotion {antimagic, rF- Str+3}
   (You found it on level 9 of the Dungeon)

   It disrupts the flow of magical energy around spellcasters and certain
   magical creatures (including the wielder).
   It affects your strength (+3).
   It makes you vulnerable to fire.
Armour
 a - the +2 pair of boots of Hedging (worn) {rElec rPois Str+4}
   (You bought it in a shop on level 7 of the Dungeon)

   It affects your strength (+4).
   It insulates you from electricity.
   It protects you from poison.
 k - a +0 robe (worn)
 m - a +1 cloak (worn)
Magical devices
 h - a wand of polymorph (8)
 t - a wand of digging (12)
 y - a wand of frost (5)
 A - a wand of teleportation (2)
 B - a wand of random effects (7)
Scrolls
 g - 4 scrolls of identify
 i - 5 scrolls of remove curse
 p - a scroll of enchant armour
 r - 2 scrolls of curse weapon {unknown}
 v - 2 scrolls of enchant weapon II
 x - 2 scrolls of magic mapping
Jewellery
 f - a ring of sustenance (right hand)
 l - an uncursed ring of teleport control
 n - the ring "Wofreagi" {AC+6 Str+4 Int+2, unknown}
   (You found it in a labyrinth)

   [ring of protection]

   It affects your AC (+6).
   It affects your strength (+4).
   It affects your intelligence (+2).
 u - a ring of poison resistance (left hand)
Potions
 j - 2 potions of flight
 q - a potion of mutation
 s - a potion of poison
 z - a potion of curing
Books
 c - a book of Conjurations

   Spells                             Type                      Level
   *Magic Dart                        Conjuration                  1
   *Searing Ray                       Conjuration                  2
   Dazzling Spray                     Conjuration/Hexes            3
   *Iskenderun's Mystic Blast         Conjuration                  4
   Iskenderun's Battlesphere          Conjuration/Charms           4
   Fulminant Prism                    Conjuration/Hexes            5
 d - a book of Battle

   Spells                             Type                      Level
   Infusion                           Charms                       1
   Shroud of Golubria                 Charms/Translocation         2
   Song of Slaying                    Charms                       2
   Spectral Weapon                    Hexes/Charms                 3
   Regeneration                       Charms/Necromancy            3
 o - a book of Maledictions

   Spells                             Type                      Level
   Corona                             Hexes                        1
   Sure Blade                         Hexes/Charms                 2
   Ensorcelled Hibernation            Hexes/Ice                    2
   Confuse                            Hexes                        3
   Enslavement                        Hexes                        4
   Invisibility                       Hexes                        6
Magical staves
 C - an uncursed staff of power {unknown}
Rods
 D - a +4 rod of frigid destruction (13/13) (weapon)
   (You found it in a labyrinth)


   Skills:
 - Level 2.1 Dodging
 - Level 3.0 Stealth
 - Level 3.8 Spellcasting
 - Level 11.4 Conjurations
 * Level 6.0 Ice Magic
 + Level 2.8 Evocations


You had 7 spell levels left.
You knew the following spells:

 Your Spells              Type           Power        Failure   Level  Hunger
a - Magic Dart            Conj           ####         1%          1    None
d - Iskenderun's Mystic   Conj           #####...     1%          4    ####...
s - Searing Ray           Conj           #####.       1%          2    #......
z - Sting                 Conj/Pois      ####         1%          1    None
A - Freeze                Ice            ####         1%          1    None


Dungeon Overview and Level Annotations

Branches:
Dungeon (11/16)            Temple (1/1) D:6            Lair (1/8) D:9
    Orc: D:9-12

Altars:
Ashenzari
Cheibriados
Elyvilon
Fedhas
Kikubaaqudgha
Makhleb
Nemelex Xobeh
Okawaru
Sif Muna
Trog
Vehumet
Xom
Yredelemnul
Zin
the Shining One
Jiyva

Shops:
D:7 [   D:8 ?

Annotations:
D:11 Josephine


Innate Abilities, Weirdness & Mutations

You heal slowly.
You can bottle blood from corpses.
You have razor-sharp teeth.*
You have supernaturally acute eyesight.
You can survive without breathing.*
((You can spit poison.))+


Message History

* * * LOW HITPOINT WARNING * * *
Casting: Iskenderun's Mystic Blast
Confirm with . or Enter, or press ? or * to list all spells.
Aiming: Iskenderun's Mystic Blast
Press: ? - help, Shift-Dir - straight line, f/p - komodo dragon
Aim: a komodo dragon (almost dead)
The orb of energy hits the komodo dragon.
You kill the komodo dragon!
Vehumet accepts your kill.
Your Ice Magic skill increases to level 6!
The orb of energy explodes!
You are feeling very thirsty.
You see here a komodo dragon corpse.
Drink blood from a komodo dragon corpse? (ye/n/q/i?) Somehow this blood was not very filling!
You are feeling thirsty.
You stop draining the corpse.
All blood oozes out of the corpse!
A black bear and Josephine come into view.
Josephine zaps a wand.
The bolt of fire hits you!
You die...

,* ########.## # *, #.# #
*****,**** #.# ## ,,,,,,,,
##+## #. *,***,*#,* ##...##
#. *, *,*#.* ##.....## #.
*,* * ##.#* ##.......## ##
*,###U#...####.........####.
*,.........@.'.........'....
**###.......##.........####.
####.#.####..@....## ##
###.# ##.....## # #.#
##...## ****#.#** ##'##
,,,...,* #.# *,**#.#.#####.#
*,* #.........##


You could see Josephine and a black bear.

Vanquished Creatures
  A minotaur (Lab)
  Joseph (D:7)
  2 komodo dragons (D:11)
  The ghost of DasRunzen the Gusty, an average DgWn (D:6)
  A hill giant zombie (D:9)
  Eustachio (D:7)
  A hill giant skeleton (D:11)
  A necrophage (D:9)
  A hungry ghost (D:9)
  An orc warrior (D:7)
  A phantom (D:6)
  3 ice beasts
  9 centaurs
  A big kobold (Sewer)
  A crocodile (D:7)
  6 giant frogs
  5 ogres
  A wyvern skeleton (D:9)
  An eye of draining (D:11)
  6 killer bees (D:8)
  3 jellies
  9 wights
  2 hippogriff skeletons
  3 goliath beetles
  4 crimson imps
  A two-headed ogre zombie (D:8)
  A gnoll shaman (D:6)
  2 orc priests
  7 orc wizards
  A hound (D:6)
  3 scorpions
  3 worker ants
  A big fish (Sewer)
  An orange rat (D:7)
  5 iguanas
  13 gnolls
  3 green rats (D:7)
  10 adders
  2 giant mites (D:3)
  5 worms
  A scorpion zombie (D:6)
  A giant centipede zombie (D:11)
  7 grey rats
  3 giant eyeballs
  5 giant geckos
  3 oozes
  22 orcs
  A ball python (D:1)
  3 bats
  7 giant cockroaches
  7 goblins
  12 hobgoblins
  13 jackals
  3 quokkas
  10 giant newts
  13 kobolds
  A quokka skeleton (D:6)
  A quokka zombie (D:6)
  27 rats
  4 ballistomycetes (D:7)
268 creatures vanquished.

Vanquished Creatures (others)
  2 giant spores (D:7)
  A kobold (D:7)
  3 ballistomycetes (D:7)
6 creatures vanquished.

Grand Total: 274 creatures vanquished

Notes
Turn   | Place    | Note
--------------------------------------------------------------
     0 | D:1      | PolkaDot, the Vampire Conjurer, began the quest for the Orb.
     0 | D:1      | Reached XP level 1. HP: 13/13 MP: 4/4
   439 | D:1      | Reached XP level 2. HP: 19/19 MP: 3/5
  1144 | D:1      | Learned a level 2 spell: Searing Ray
  1161 | D:1      | Reached XP level 3. HP: 17/24 MP: 1/6
  1533 | D:2      | Reached skill level 4 in Conjurations
  1642 | D:2      | Found a sparkling altar of Nemelex Xobeh.
  1887 | D:2      | Reached XP level 4. HP: 30/30 MP: 0/8
  2537 | D:3      | Reached XP level 5. HP: 18/35 MP: 4/9
  2540 | D:3      | Reached skill level 5 in Conjurations
  2960 | D:3      | Found a glowing drain.
  2964 | Sewer    | Entered a sewer
  3399 | Sewer    | Reached XP level 6. HP: 25/41 MP: 0/10
  3526 | Sewer    | Found a glowing silver altar of Zin.
  3575 | Sewer    | Learned a level 4 spell: Iskenderun's Mystic Blast
  4608 | D:3      | Gained mutation: You can spit poison. [potion of beneficial mutation]
  4613 | D:3      | Reached skill level 6 in Conjurations
  4890 | D:5      | Entered Level 5 of the Dungeon
  5625 | D:6      | Reached XP level 7. HP: 46/46 MP: 2/11
  5727 | D:6      | Found a staircase to the Ecumenical Temple.
  5737 | Temple   | Entered the Ecumenical Temple
  5923 | Temple   | Became a worshipper of Vehumet
  6113 | D:6      | Noticed DasRunzen's ghost (average DgWn)
  6136 | D:6      | Killed DasRunzen's ghost
  6136 | D:6      | Reached skill level 7 in Conjurations
  6701 | D:6      | HP: 1/46 [gnoll/runed spear (9)]
  7269 | D:6      | Paralysed by a giant eyeball for 2 turns
  7271 | D:6      | Reached XP level 8. HP: 45/52 MP: 5/13
  7273 | D:6      | Paralysed by a giant eyeball for 3 turns
  7437 | D:6      | Acquired Vehumet's first power
  7437 | D:6      | Offered knowledge of Sting by Vehumet.
  7446 | D:6      | Learned a level 1 spell: Sting
  7700 | D:6      | Reached skill level 8 in Conjurations
  8437 | D:7      | Noticed Eustachio
  8504 | D:7      | Killed Eustachio
  8637 | D:7      | Reached skill level 9 in Conjurations
  9291 | D:7      | Found Baj Brai's Antique Armour Emporium.
  9336 | D:7      | Bought a pair of transparent boots for 162 gold pieces
  9339 | D:7      | Identified the +2 pair of boots of Hedging {rElec rPois Str+4} (You bought it in a shop on level 7 of the Dungeon)
  9390 | D:7      | Reached XP level 9. HP: 57/57 MP: 10/14
  9650 | D:7      | Noticed Joseph
  9658 | D:7      | Killed Joseph
  9658 | D:7      | Reached skill level 10 in Conjurations
  9791 | D:7      | Offered knowledge of Freeze by Vehumet.
  9865 | D:7      | Learned a level 1 spell: Freeze
 10449 | D:8      | Found a viscous altar of Jiyva.
 10686 | D:8      | Paralysed by a giant eyeball for 3 turns
 10690 | D:8      | Paralysed by a giant eyeball for 2 turns
 10876 | D:8      | Found Dacagg's Magic Scroll Shop.
 10946 | D:8      | Reached skill level 11 in Conjurations
 11162 | D:8      | Offered knowledge of Stone Arrow by Vehumet.
 11518 | D:9      | Got a steaming long sword
 11519 | D:9      | Identified the +11,+5 long sword of Devotion {antimagic, rF- Str+3} (You found it on level 9 of the Dungeon)
 11519 | D:9      | Identified the +11,+5 long sword of Devotion {antimagic, rF- Str+3} (You found it on level 9 of the Dungeon)
 11682 | D:9      | Somebody: I have had a good character started.
 11682 | D:9      | Somebody: (Hi.)
 11682 | D:9      | Somebody: How are you doing?
 11682 | D:9      | PolkaDot: Alright
 11682 | D:9      | PolkaDot: tired, irritated
 11682 | D:9      | PolkaDot: Veh had gifted Ice Storm and tornado
 11682 | D:9      | PolkaDot: and I died to an anaconda :(
 11682 | D:9      | Somebody: I am sorry to hear that.
 11694 | D:9      | Somebody: Got anything interesting to show?
 11694 | D:9      | PolkaDot: Eh, it happens
 11694 | D:9      | PolkaDot: nice boots
 11694 | D:9      | PolkaDot: And a new strategy
 11694 | D:9      | Somebody: Nice.
 11694 | D:9      | PolkaDot: (ie, not so much splitting of the skills)
 11694 | D:9      | Somebody: Interesting.
 11694 | D:9      | Somebody: How is it working for you?
 11694 | D:9      | PolkaDot: surprisingly well
 11694 | D:9      | Somebody: Not hungerless magic dart does look odd, though.
 11694 | D:9      | PolkaDot: Things are dying nice and consistently
 11694 | D:9      | PolkaDot: xD
 11694 | D:9      | PolkaDot: quite
 11694 | D:9      | PolkaDot: Oh, I discovered another thing
 11694 | D:9      | PolkaDot: Battlesphere literally trivilises everything
 11694 | D:9      | PolkaDot: except the tougher uniques
 11694 | D:9      | PolkaDot: And I had the most boring Orc run EVER
 11694 | D:9      | Somebody: Orb or Orc?
 11694 | D:9      | PolkaDot: So I've decided to refrain from it
 11694 | D:9      | PolkaDot: Orc
 11694 | D:9      | PolkaDot: The mines were a cake walk
 11694 | D:9      | Somebody: Hmm. Everything plainly died to a battlesphere?
 11694 | D:9      | PolkaDot: EVERYTHING
 11694 | D:9      | PolkaDot: Batlesphere and magic dart
 11694 | D:9      | PolkaDot: well
 11694 | D:9      | PolkaDot: except St Roka
 11694 | D:9      | PolkaDot: He put up a fight
 11694 | D:9      | Somebody: Interesting. How did that character die?
 11694 | D:9      | PolkaDot: anaconda
 11694 | D:9      | PolkaDot: A black mamba came around a corner as I was finishing off a group of snakes
 11694 | D:9      | Somebody: Oh, you've told me that already, sorry.
 11694 | D:9      | PolkaDot: the constrict got me in the end
 11694 | D:9      | PolkaDot: which was silly, I could have blinked out xD;
 11694 | D:9      | Somebody: It is the problem — getting careless.
 11694 | D:9      | Somebody: Want to take a look at my character?
 11694 | D:9      | Somebody: I am about to go to the Lair.
 11694 | D:9      | PolkaDot: another reason to stop using battlesphre, I reckon
 11694 | D:9      | PolkaDot: yeah
 11694 | D:9      | PolkaDot: I'mma just ID these potions first :3
 11698 | D:9      | Somebody: A ring of cTele is a good find.
 11698 | D:9      | PolkaDot: Yup
 11698 | D:9      | Somebody: Want to mutate yourself something nice? :)
 11698 | D:9      | PolkaDot: be better if I justify the evoc skill
 11698 | D:9      | PolkaDot: Not yet
 11698 | D:9      | Somebody: Okay.
 11698 | D:9      | PolkaDot: like
 11698 | D:9      | PolkaDot: last game I had to fix a few bad mut's
 11698 | D:9      | PolkaDot: and lost wild magic to the cure >.>;
 11698 | D:9      | PolkaDot: anyways
 11698 | D:9      | Somebody: It's a pity.
 11698 | D:9      | PolkaDot: Lair?
 11698 | D:9      | Somebody: Yes, see you there.
 11705 | D:9      | Upgraded the game from 0.14-a0-1029-g9530a8b to 0.14-a0-1036-g6cac21b
 11705 | D:9      | Somebody: Hi.
 11794 | D:9      | Acquired Vehumet's second power
 11794 | D:9      | Reached skill level 1 in Ice Magic
 11794 | D:9      | Reached XP level 10. HP: 63/63 MP: 8/15
 12508 | D:9      | Found a staircase to the Lair.
 12947 | D:9      | Found an iron altar of Okawaru.
 12995 | Lair:1   | Entered Level 1 of the Lair of Beasts
 13169 | D:10     | Entered Level 10 of the Dungeon
 13169 | D:10     | Noticed a hill giant
 13275 | D:11     | Noticed a hill giant
 13279 | D:11     | Found a labyrinth entrance.
 13283 | Lab      | Entered a labyrinth
 16180 | Lab      | Noticed a minotaur
 16183 | Lab      | Killed a minotaur
 16252 | Lab      | Got a steaming bronze ring
 16254 | Lab      | Identified a +4 rod of frigid destruction (13/13) (You found it in a labyrinth)
 16440 | D:11     | Reached skill level 1 in Evocations
 16680 | D:11     | Paralysed by a giant eyeball for 2 turns
 16686 | D:11     | Paralysed by a giant eyeball for 4 turns
 16723 | D:11     | Reached skill level 5 in Ice Magic
 17113 | D:11     | Noticed Josephine
 17113 | D:11     | Killed from afar by Josephine

Action                   |  1- 3 |  4- 6 |  7- 9 | 10-12 || total
-------------------------+-------+-------+-------+-------++-------
Melee: Unarmed           |    59 |    76 |    14 |       ||   149
       Spear             |       |       |   129 |     8 ||   137
       Rod               |       |       |       |    33 ||    33
 Cast: Magic Dart        |    56 |    58 |     9 |       ||   123
       Searing Ray       |     5 |    40 |    80 |    23 ||   148
       Iskenderun's Myst |       |     5 |    21 |    32 ||    58
       Sting             |       |       |    10 |       ||    10
 Abil: Spit Poison       |       |     1 |       |       ||     1
       End Transformatio |       |     1 |       |       ||     1
       Bat Form          |       |     1 |       |       ||     1
Evoke: Wand              |       |       |     1 |     4 ||     5
  Use: Potion            |     2 |     6 |    12 |     1 ||    21
       Scroll            |       |    15 |     6 |     1 ||    22
 Stab: Sleeping          |       |     2 |     5 |       ||     7
       Distracted        |       |       |     1 |       ||     1
